 Dungeon Crawl Stone Soup version 0.26-a0-1138-gef23d1325b (webtiles) character file.

Game seed: 15366250705562728802

718 Gargoyl the Skirmisher (level 7, 0/60 HPs)
             Began as a Gnoll Abyssal Knight on Dec 21, 2020.
             Was a Priest of Lugonu.
             Killed by divine providence
             ... invoked by an orc priest
              (13 damage)
             ... on level 5 of the Dungeon.
             The game lasted 00:08:03 (4034 turns).

Gargoyl the Skirmisher (Gnoll Abyssal Knight)       Turns: 4034, Time: 00:08:04

Health: 0/60       AC: 16    Str: 16    XL:     7   Next: 70%
Magic:  11/11      EV:  8    Int: 15    God:    Lugonu [***...]
Gold:   133        SH:  0    Dex: 14    Spells: 11/11 levels left

rFire    . . .     SeeInvis .   a - +1 hand axe
rCold    . . .     Faith    .   (no shield)
rNeg     + . .     Spirit   .   o - +2 chain mail {rN+}
rPois    .         Reflect  .   d - +0 helmet
rElec    .         Harm     .   l - +0 cloak
rCorr    .         Rampage  .   q - +1 pair of gloves
Will     .....                  (no boots)
Stlth    ..........             (no amulet)
HPRegen  0.20/turn              g - +4 ring of slaying
MPRegen  0.12/turn              (no ring)

@: lethally poisoned (0 -> -3)
A: distributed training, fangs 1, strong nose
a: Renounce Religion, Depart the Abyss, Bend Space, Banish


You were on level 5 of the Dungeon.
You worshipped Lugonu.
Lugonu was most pleased with you.
You visited 1 branch of the dungeon, and saw 5 of its levels.
You visited the Abyss 1 time.

You collected 133 gold pieces.

Inventory:

Hand Weapons
 a - a +1 hand axe (weapon)
Missiles
 f - 3 javelins
Armour
 d - a +0 helmet (worn)
 l - a +0 cloak (worn)
 o - a +2 chain mail of positive energy (worn)
 q - a +1 pair of gloves (worn)
Jewellery
 g - a +4 ring of slaying (left hand)
Scrolls
 b - 5 scrolls of identify
 i - a scroll of blinking
 p - 3 scrolls of remove curse
Potions
 c - a potion of heal wounds
 e - a potion of brilliance
 h - a potion of resistance
 j - a potion of attraction
 k - a potion of might
 m - a potion of lignification {unknown}
 n - 2 potions of haste
 r - a potion of mutation {unknown}


   Skills:
 + Level 7.1 Fighting
 + Level 2.6 Short Blades
 + Level 2.6 Long Blades
 + Level 5.3 Axes
 + Level 2.6 Maces & Flails
 + Level 2.6 Polearms
 + Level 2.6 Staves
 + Level 2.6 Slings
 + Level 2.6 Bows
 + Level 2.6 Crossbows
 + Level 2.6 Throwing
 + Level 5.3 Armour
 + Level 3.7 Dodging
 + Level 2.6 Stealth
 + Level 2.6 Shields
 + Level 2.6 Unarmed Combat
 + Level 2.6 Spellcasting
 + Level 2.1 Conjurations
 + Level 2.1 Hexes
 + Level 2.1 Summonings
 + Level 2.1 Necromancy
 + Level 2.1 Translocations
 + Level 2.1 Transmutations
 + Level 2.1 Fire Magic
 + Level 2.1 Ice Magic
 + Level 2.1 Air Magic
 + Level 2.1 Earth Magic
 + Level 2.1 Poison Magic
 + Level 5.5 Invocations
 + Level 2.6 Evocations


You had 11 spell levels left.
You didn't know any spells.
Your spell library was empty.

Dungeon Overview and Level Annotations

Branches:
Dungeon (5/15)
 Temple: D:4-7

Altars:
Ashenzari
Dithmenos
Fedhas
Ru
Uskayaw


Innate Abilities, Weirdness & Mutations

Your experience applies equally to all skills.
You have very sharp teeth.
Your uncanny sense of smell can sniff out nearby items.


Message History

The orc shouts!
The orc priest shouts!
The orc wizard shouts!
There are monsters nearby!
You feel sick.
You see here a scorpion corpse.
You feel sick.
You feel sick.
You feel sick.
You feel sick.
The orc priest calls down the wrath of Beogh upon you.
Beogh smites you!
* * * LOW HITPOINT WARNING * * *
You feel sick.
You feel sick.
You feel sick.
You see here a potion of cancellation.
You feel sick.
You feel sick.
The orc priest invokes the aid of Beogh against you.
Beogh smites you!
You die...

...$..
####+###############......
........................#
........................#
.....†..................#
........................#
........................+
.........oo..!..........#
........o.o.....@...<...#
..#+###+##########......#
.. +......# .. #......#
#.?....# #......+ #......#
∆ ####...P


You could see an orc priest and 2 orcs.

Vanquished Creatures
  Sigmund (D:2)
  A black bear (D:4)
  An ogre (D:4)
  A scorpion (D:5)
  A howler monkey (D:4)
  A bullfrog zombie (D:2)
  A jelly (D:4)
  Crazy Yiuf (D:4)
  Jessica (D:2)
  An iguana (D:3)
  A worker ant (D:4)
  Robin (D:1)
  2 adders
  An adder skeleton (D:4)
  3 worms (D:3)
  A dart slug (D:1)
  A leopard gecko (D:1)
  7 orcs (D:3)
  A ball python (D:1)
  7 bats
  A giant cockroach (D:5)
  19 goblins
  10 hobgoblins
  6 jackals
  A quokka (D:3)
  A frilled lizard (D:3)
  7 kobolds
  A leopard gecko skeleton (D:4)
  5 rats
86 creatures vanquished.

Notes
Turn   | Place    | Note
-------+----------+-------------------------------------------
     0 | Abyss:1  | Gargoyl the Gnoll Abyssal Knight began the quest for the
                  | Orb.
     0 | Abyss:1  | Reached XP level 1. HP: 23/23 MP: 3/3
    81 | Abyss:1  | Noticed a small abomination
    94 | D:1      | Escaped the Abyss
   455 | D:1      | Reached XP level 2. HP: 22/29 MP: 5/5
   537 | D:1      | Reached * piety under Lugonu
   885 | D:1      | Reached XP level 3. HP: 35/35 MP: 6/6
  1365 | D:2      | Found a sacrificial altar of Ru.
  1459 | D:2      | Noticed Sigmund
  1461 | D:2      | Noticed Robin
  1736 | D:1      | Killed Robin
  1737 | D:1      | Reached skill level 1 in Short Blades
  1737 | D:1      | Reached skill level 1 in Long Blades
  1737 | D:1      | Reached skill level 1 in Maces & Flails
  1737 | D:1      | Reached skill level 1 in Polearms
  1737 | D:1      | Reached skill level 1 in Staves
  1737 | D:1      | Reached skill level 1 in Slings
  1737 | D:1      | Reached skill level 1 in Bows
  1737 | D:1      | Reached skill level 1 in Crossbows
  1737 | D:1      | Reached skill level 1 in Throwing
  1737 | D:1      | Reached skill level 1 in Stealth
  1737 | D:1      | Reached skill level 1 in Shields
  1737 | D:1      | Reached skill level 1 in Unarmed Combat
  1737 | D:1      | Reached skill level 1 in Spellcasting
  1737 | D:1      | Reached skill level 1 in Evocations
  1737 | D:1      | Reached XP level 4. HP: 35/41 MP: 7/7
  1894 | D:1      | Reached ** piety under Lugonu
  1932 | D:2      | Reached skill level 1 in Conjurations
  1932 | D:2      | Reached skill level 1 in Hexes
  1932 | D:2      | Reached skill level 1 in Summonings
  1932 | D:2      | Reached skill level 1 in Necromancy
  1932 | D:2      | Reached skill level 1 in Translocations
  1932 | D:2      | Reached skill level 1 in Transmutations
  1932 | D:2      | Reached skill level 1 in Fire Magic
  1932 | D:2      | Reached skill level 1 in Ice Magic
  1932 | D:2      | Reached skill level 1 in Air Magic
  1932 | D:2      | Reached skill level 1 in Earth Magic
  1932 | D:2      | Reached skill level 1 in Poison Magic
  1957 | D:2      | Killed Sigmund
  1958 | D:2      | Reached skill level 5 in Invocations
  1958 | D:2      | Reached XP level 5. HP: 35/47 MP: 8/8
  1958 | D:2      | Reached XP level 6. HP: 39/53 MP: 9/9
  1986 | D:2      | Noticed Jessica
  1991 | D:2      | Killed Jessica
  2212 | D:2      | Found a broken altar of Ashenzari.
  2346 | D:3      | Reached skill level 5 in Axes
  2346 | D:3      | Reached skill level 5 in Armour
  2835 | D:3      | Found a blossoming altar of Fedhas.
  3038 | D:4      | Found a shadowy altar of Dithmenos.
  3212 | D:4      | Reached skill level 7 in Fighting
  3212 | D:4      | Reached XP level 7. HP: 42/60 MP: 10/10
  3444 | D:4      | Found a hide-covered altar of Uskayaw.
  3759 | D:4      | Found a runed translucent door.
  3760 | D:4      | Noticed Crazy Yiuf
  3922 | D:4      | Killed Crazy Yiuf
  3989 | D:5      | Entered Level 5 of the Dungeon
  4003 | D:5      | Reached *** piety under Lugonu
  4034 | D:5      | Killed from afar by an orc priest

Illustrated notes

Levels and vault maps discovered:
D:1:      lightli_arrival_noodles, layout_basic
D:2:      layout_rooms, lemuel_doored_altar, ashenzari_altar_1, uniq_robin,
          uniq_sigmund, uniq_jessica
D:3:      layout_basic, marbit_many_paths
D:4:      layout_basic, general_overflow_altar, lemuel_round_altar,
          uniq_crazy_yiuf_cottage
D:5:      layout_gridville, minmay_temple_entry_gardened_gates

Skill      XL: |  1  2  3  4  5  6  7 |
---------------+----------------------+-----
Short Blades   | 1 2 |  2.6
Long Blades    | 1 2 |  2.6
Maces & Flails | 1 2 |  2.6
Polearms       | 1 2 |  2.6
Staves         | 1 2 |  2.6
Slings         | 1 2 |  2.6
Bows           | 1 2 |  2.6
Crossbows      | 1 2 |  2.6
Throwing       | 1 2 |  2.6
Stealth        | 1 2 |  2.6
Shields        | 1 2 |  2.6
Unarmed Combat | 1 2 |  2.6
Spellcasting   | 1 2 |  2.6
Evocations     | 1 2 |  2.6
Conjurations   | 1 2 |  2.1
Hexes          | 1 2 |  2.1
Summonings     | 1 2 |  2.1
Necromancy     | 1 2 |  2.1
Translocations | 1 2 |  2.1
Transmutations | 1 2 |  2.1
Fire Magic     | 1 2 |  2.1
Ice Magic      | 1 2 |  2.1
Air Magic      | 1 2 |  2.1
Earth Magic    | 1 2 |  2.1
Poison Magic   | 1 2 |  2.1
Dodging        | 3 |  3.7
Invocations    | 5 |  5.5
Axes           | 5 |  5.3
Armour         | 5 |  5.3
Fighting       | 7 |  7.1

Action                   |  1- 3 |  4- 6 |  7- 9 || total
-------------------------+-------+-------+-------++-------
Melee: Hand axe          |   111 |    86 |    40 ||   237
       Bite              |    10 |    11 |     2 ||    23
       Punch             |     1 |     1 |       ||     2
Invok: Depart the Abyss  |     1 |       |       ||     1
  Use: Potion            |       |     5 |       ||     5
       Scroll            |       |     9 |       ||     9
Armor: Ring mail         |    38 |       |       ||    38
       Chain mail        |    36 |    45 |    25 ||   106
Dodge: Dodged            |    73 |    33 |    15 ||   121

Table legend: (Time is in decaauts)
 A = Elapsed time spent in this place.
 B = Non-inter-level travel time spent in this place.
 C = Inter-level travel time spent in this place.
 D = Time resting spent in this place.
 E = Time spent auto-exploring this place.
 F = Levels seen in this place.
 G = Mean time per level.
                   A        B        C        D        E       F      G
               +--------+--------+--------+--------+--------+-----+--------+
         Total |   4054 |   3949 |    105 |    499 |   2648 |   6 |  675.7 |
       Dungeon |   3960 |   3855 |    105 |    499 |   2583 |   5 |  792.0 |
         Abyss |     94 |     94 |      0 |      0 |     65 |   1 |   94.0 |
               +--------+--------+--------+--------+--------+-----+--------+

Top non-repeatable levels by time:
     D:1: 1677 daAuts
     D:4: 953 daAuts
     D:3: 743 daAuts
     D:2: 540 daAuts
 Abyss:1: 94 daAuts
     D:5: 45 daAuts
